 Dungeon Crawl Stone Soup version 0.28-a0-535-g6f645e4c1d (webtiles) character file.

Game seed: 10558065399590771259

41 Shayle the Insei (level 3, -3/29 HPs)
             Began as a Djinni Warper on Sept 26, 2021.
             Slain by an orc (5 damage)
             ... on level 2 of the Dungeon.
             The game lasted 00:06:39 (2364 turns).

Shayle the Insei (Djinni Warper)                    Turns: 2364, Time: 00:06:40

Health: -3/29      AC:  3    Str: 10    XL:     3   Next: 75%
Gold:   32         EV: 11    Int: 15    God:
                   SH:  0    Dex: 12

rFire   + + .      SeeInvis .   g - +1 dagger (holy)
rCold   x . .      Faith    .   (no shield)
rNeg    . . .      Spirit   .   a - +0 leather armour
rPois   ∞          Reflect  .   (no helmet)
rElec   .          Harm     .   (no cloak)
rCorr   .          Rampage  .   (no gloves)
Will    .....                   (boots unavailable)
Stlth   +.........              (no amulet)
HPRegen 0.09/turn               (no ring)
MPRegen 0.00/turn               (no ring)

@: mighty, brilliant, flying
A: sickness immunity, fire resistance 2, cold vulnerability 1, float, innate
caster, hp casting, extra vitality 1
a: no special abilities


You were on level 2 of the Dungeon.
You visited 1 branch of the dungeon, and saw 2 of its levels.

You collected 32 gold pieces.

Inventory:

Hand Weapons
 g - a +1 dagger of holy wrath (weapon)
Armour
 a - a +0 leather armour (worn)
Scrolls
 e - 2 scrolls of immolation
 h - a scroll of teleportation {unknown}
 i - a scroll of enchant armour {unknown}
 j - 3 scrolls of identify {unknown}
Potions
 d - a potion of mutation {unknown}
 m - a potion of degeneration {unknown}


   Skills:
 + Level 2.6 Fighting
 - Level 0.7 Throwing
 - Level 1.0 Armour
 - Level 2.1 Dodging
 + Level 2.8 Unarmed Combat
 + Level 2.7 Spellcasting


You couldn't memorise any spells.
You knew the following spells:

 Your Spells              Type           Power      Damage    Failure   Level
a - Blink                 Tloc           N/A        N/A       14%         2
b - Lesser Beckoning      Tloc           15%        N/A       26%         3
c - Gell's Gravitas       Tloc           7%         N/A       26%         3
d - Teleport Other        Tloc           15%        N/A       26%         3
e - Manifold Assault      Tloc           15%        N/A       94%         5
f - Sandblast             Erth           30%        2d9       9%          1
Your spell library was empty.

Dungeon Overview and Level Annotations

Branches:
Dungeon (2/15)

Altars:


Innate Abilities, Weirdness & Mutations

You are immune to sickness and miasma.
You are immune to poison.
Your flesh is very heat resistant. (rF++)
You are vulnerable to cold. (rC-)
You float through the air rather than walking.
You learn spells naturally, not from books.
Your magical power is your life essence.
You have superior vitality. (+4 HP)


Message History

Confirm with . or Enter, or press ? or * to list all spells.
Aiming: Sandblast (safe; 9% risk of failure)
Press: ? - help, Shift-Dir - straight line, f - orc
Aim: an orc, wielding a +0 mace, wearing a +3 leather armour and quivering boomerangs (moderately wounded, 79% to hit)
The blast of sand hits the orc but does no damage.
The orc is moderately wounded.
k - a stone
* * * LOW HITPOINT WARNING * * *
The orc closely misses you.
It was a potion of curing.
You feel better. The orc hits you with a +0 mace!
* * * LOW HITPOINT WARNING * * *
You feel better. The orc misses you.
Casting: Sandblast (safe; 9% risk of failure)
Confirm with . or Enter, or press ? or * to list all spells.
Aiming: Sandblast (safe; 9% risk of failure)
Press: ? - help, Shift-Dir - straight line, f/p - orc
Aim: an orc, wielding a +0 mace, wearing a +3 leather armour and quivering boomerangs (moderately wounded, 79% to hit)
The blast of sand hits the orc but does no damage.
The orc is moderately wounded.
You now have no stones remaining.
* * * LOW HITPOINT WARNING * * *
The orc barely misses you.
You hit the orc but do no damage.
The orc is moderately wounded.
The orc hits you with a +0 mace.
* * * LOW HITPOINT WARNING * * *
You completely miss the orc.
The orc is moderately wounded.
The orc closely misses you.
It was a potion of brilliance.
You feel clever all of a sudden. The orc hits you with a +0 mace.
* * * LOW HITPOINT WARNING * * *
It was a potion of flight.
You feel more buoyant. The orc barely misses you.
It was a potion of might.
You feel very mighty all of a sudden. The orc hits you with a +0 mace.
You die...

#....#.#.##.###
#....#'#'##.# # ####
#.........#.# # .....
####......#.# #
#.....########......#.# #
#............#......#.###
#............#......'<...
#..$.........#......#####
.?....o@..# #...........
##........# ############
#........# #........#
#........# #.[......####
#...........#
#####.#####.# #.#


You could see an orc.

Vanquished Creatures
  An adder (D:2)
  A worm (D:2)
  3 bats (D:1)
  5 endoplasms
  A giant cockroach (D:1)
  4 goblins
  3 hobgoblins (D:1)
  2 ball pythons (D:1)
  2 frilled lizards
  3 kobolds (D:1)
  3 rats
28 creatures vanquished.

Vanquished Creatures (others)
  A plant (D:1)
1 creature vanquished.

Grand Total: 29 creatures vanquished

Notes
Turn   | Place    | Note
-------+----------+-------------------------------------------
     0 | D:1      | Shayle the Djinni Warper began the quest for the Orb.
     0 | D:1      | Reached XP level 1. HP: 18/18 MP: 0/0
   254 | D:1      | Reached XP level 2. HP: 21/23 MP: 0/0
   295 | D:1      | Found a faded altar of an unknown god.
  1081 | D:1      | Reached XP level 3. HP: 27/29 MP: 0/0
  1081 | D:1      | Learned a level 1 spell: Sandblast
  1384 | D:2      | Noticed an ogre
  2357 | D:2      | HP: 1/29 [orc (7)]
  2362 | D:2      | HP: 1/29 [orc (2)]
  2364 | D:2      | Slain by an orc

Illustrated notes

Levels and vault maps discovered:
D:1:      ncdulo_halloftheorcs, layout_basic, hellmonk_ecumenical_altar_blasted,
          minmay_shallow_snake_nest
D:2:      layout_basic

Action                   || total
-------------------------++-------
Melee: Unarmed           ||    41
       Dagger            ||    74
       Punch             ||     1
Throw: Boomerang         ||     5
 Cast: Sandblast         ||     9
       Blink             ||     4
  Use: Potion            ||     5
       Scroll            ||     1
Armor: Leather armour    ||    29
Dodge: Dodged            ||    57

Table legend: (Time is in decaauts)
 A = Elapsed time spent in this place.
 B = Non-inter-level travel time spent in this place.
 C = Inter-level travel time spent in this place.
 D = Time resting spent in this place.
 E = Time spent auto-exploring this place.
 F = Levels seen in this place.
 G = Mean time per level.
                   A        B        C        D        E       F      G
               +--------+--------+--------+--------+--------+-----+--------+
         Total |   2364 |   2287 |     77 |    247 |   1491 |   2 | 1182.0 |
       Dungeon |   2364 |   2287 |     77 |    247 |   1491 |   2 | 1182.0 |
               +--------+--------+--------+--------+--------+-----+--------+

Top non-repeatable levels by time:
     D:1: 1666 daAuts
     D:2: 697 daAuts
